AoeStats
← Tschab

Arena

507944557Analyzed
1v1 RM · 13d ago on Sep 20, 2026· 40m 44s· 2 players
Game mode
Random Map
Map size
Tiny (2 player)
Population
200
Speed
Normal
Resources
Standard
Victory
Conquest
Starting age
Dark Age
Ending age
Imperial Age
RankedLock teamsTeams togetherTeam positionsShared explorationLock speedFull tech treeHidden civsTurbo modeCheats
Victory
Defeat
🇨🇭 Italians · Switzerland
1374
+19
🇳🇴 Armenians · Norway
1444
-19
Jorgen
9:22 Feudal Age
13:34 Castle Age
11:59 Double-Bit Axe
12:18 Horse Collar
21:36 Bow Saw
23:40 Squires
24:01 Fervor
23:41 Arson
25:30 Sanctity
24:34 Pikeman
25:09 Arson
27:34 Atonement
27:56 Redemption
31:34 Scale Mail Armor
32:30 Chain Mail Armor
37:12 Forging
Tschab
11:18 Feudal Age
12:01 Double-Bit Axe
12:34 Horse Collar
14:57 Castle Age
14:37 Forging
15:06 Light Cavalry
16:37 Bow Saw
20:28 Sanctity
20:58 Atonement
22:55 Fervor
22:36 Town Watch
23:28 Wheelbarrow
23:28 Scale Barding Armor
24:09 Redemption
29:49 Imperial Age
27:21 Stone Mining
28:23 Loom
29:30 Gold Mining
29:47 Fletching
31:00 Block Printing
31:11 Bodkin Arrow
32:31 Chemistry
31:51 Ballistics
32:14 Bracer
34:26 Masonry
36:13 Padded Archer Armor
37:23 Leather Archer Armor
37:41 Hand Cart
37:58 Conscription
38:05 Bloodlines
37:55 Husbandry
38:07 Elite Genoese Crossbowman
Connection lost

Rejoining the realm…

Still unreachable

The connection could not be restored.

Session expired

The server has moved on; the page needs a fresh start.